 Dungeon Crawl Stone Soup version 0.27-a0-1334-g2746e35aca (webtiles) character file.

Game seed: 14335469846582994097

96 Sweetruy1997 the Skirmisher (level 4, -3/37 HPs)
             Began as a Palentonga Fighter on June 27, 2021.
             Was an Initiate of Qazlal.
             Slain by oc3rt's ghost (10 damage)
             ... on level 2 of the Dungeon.
             The game lasted 00:06:16 (2665 turns).

Sweetruy1997 the Skirmisher (Palentonga Fighter)    Turns: 2665, Time: 00:06:16

Health: -3/37      AC:  6    Str: 19    XL:     4   Next: 41%
Magic:  0/4        EV:  5    Int:  8    God:    Qazlal [......]
Gold:   38         SH:  8    Dex: 11    Spells: 3/3 levels left

rFire    . . .     SeeInvis +   a - +0 war axe
rCold    . . .     Faith    .   c - +0 kite shield
rNeg     . . .     Spirit   +   b - +0 scale mail
rPois    .         Reflect  .   (no helmet)
rElec    .         Harm     .   (no cloak)
rCorr    .         Rampage  .   (no gloves)
Will     .....                  (no barding)
Stlth    ..........             g - amulet of guardian spirit
HPRegen  0.12/turn              (no ring)
MPRegen  0.09/turn              (no ring)

@: mighty
A: large, rugged brown scales 3, see invisible, deformed body, roll 1, armoured
tail
a: Rolling Charge, Renounce Religion


You were on level 2 of the Dungeon.
You worshipped Qazlal.
Qazlal was noncommittal.
You visited 1 branch of the dungeon, and saw 3 of its levels.

You collected 131 gold pieces.
You spent 93 gold pieces at shops.

Inventory:

Hand Weapons
 a - a +0 war axe (weapon)
Missiles
 m - 6 poisoned darts (quivered)
Armour
 b - a +0 scale mail (worn)
 c - a +0 kite shield (worn)
 r - a +0 pair of gloves
Jewellery
 g - an amulet of guardian spirit (around neck)
Scrolls
 e - a scroll of amnesia {unknown}
 h - a scroll of torment {unknown}
 l - a scroll of teleportation {unknown}
 n - 4 scrolls of holy word
 p - a scroll of enchant armour {unknown}
Potions
 d - a potion of might
 f - 2 potions of flight
 i - a potion of curing {unknown}
 j - 2 potions of heal wounds {unknown}
 k - a potion of haste {unknown}
 o - a potion of brilliance {unknown}
 q - a potion of magic {unknown}


   Skills:
 + Level 3.2 Fighting
 + Level 3.1 Axes
 + Level 0.1 Throwing
 - Level 3.0 Armour
 + Level 1.0 Dodging
 + Level 0.1 Stealth
 + Level 2.7 Shields


You had 3 spell levels left.
You didn't know any spells.
Your spell library contained the following spells:

 Spells                   Type           Power      Damage    Failure   Level
 Corona                   Hex            0%         N/A       99%         1
 Ensorcelled Hibernation  Hex/Ice        0%         N/A       100%        2
 Confusing Touch          Hex            0%         N/A       100%        3
 Dazzling Flash           Conj/Hex       0%         N/A       100%        3
 Tukima's Dance           Hex            0%         N/A       100%        3


Dungeon Overview and Level Annotations

Branches:
Dungeon (3/15)

Altars:
Ashenzari
Dithmenos
Qazlal
Trog
Zin

Shops:
D:3 *

Annotations:
D:2 oc3rt's ghost, amateur KoHu


Innate Abilities, Weirdness & Mutations

You are completely covered in rugged brown scales. (AC +3, +7% HP)
You have supernaturally acute eyesight. (SInv)
Armour fits poorly on your strangely shaped body.
You can roll at nearby foes to attack.
You have a long armoured tail.


Message History

You miss oc3rt's ghost.
Your tail-slap misses oc3rt's ghost.
Oc3rt's ghost whispers, "There is no future for you."
Oc3rt's ghost hits you.
You miss oc3rt's ghost. You block oc3rt's ghost's attack.
Oc3rt's ghost hits you!
You barely miss oc3rt's ghost. You tail-slap oc3rt's ghost.
Oc3rt's ghost is lightly damaged.
Oc3rt's ghost hits you!
* * * LOW HITPOINT WARNING * * *
Oc3rt's ghost hits you.
* * * LOW HITPOINT WARNING * * *
You closely miss oc3rt's ghost.
Your tail-slap misses oc3rt's ghost.
Oc3rt's ghost is lightly damaged.
Oc3rt's ghost shrieks, "You must not succeed where I failed!"
You block oc3rt's ghost's attack. Oc3rt's ghost stares at you.
Oc3rt's ghost screams, "Zot is a myth, the ORB is a fable, you'll soon be a tale!"
There is an escape hatch in the ceiling here.
You block oc3rt's ghost's attack. A mysterious force pulls you upwards.
The hatch slams shut behind you.
Oc3rt's ghost takes aim.
Oc3rt's ghost screams, "What do you have that I didn't have?"
You see here a +0 pair of boots.
You are too injured to fight recklessly!
You feel very mighty all of a sudden.
Oc3rt's ghost hits you but does no damage.
You barely miss oc3rt's ghost. Oc3rt's ghost hits you.
You barely miss oc3rt's ghost. Oc3rt's ghost hits you!
* * * LOW HITPOINT WARNING * * *
Oc3rt's ghost hits you.
* * * LOW HITPOINT WARNING * * *
You barely miss oc3rt's ghost. Oc3rt's ghost hits you.
You miss oc3rt's ghost. You tail-slap oc3rt's ghost!
Oc3rt's ghost is moderately damaged.
Oc3rt's ghost hits you but does no damage.
You block oc3rt's ghost's attack.
You closely miss oc3rt's ghost.
Your tail-slap misses oc3rt's ghost.
Oc3rt's ghost is moderately damaged.
Oc3rt's ghost hits you!
You die...

######>..#.####..>.......
#..........###.........#.
#..........#...........##
#........[.#.##.#......##
######.......##.##.....##
###.#.##.....##.......
############...#.##.############.
....##.).....###W##.###..........
....##.#...### #@.....#..........
............## #......#..........
.....#.......# #......#....#..###
....##.......###........#####....
....##................#######†...
....###..........................
######.......###############..)..
#.......# #..... #.......# ##....


You could see oc3rt's ghost.

Vanquished Creatures
  2 adders (D:3)
  A worm (D:3)
  4 dart slugs
  An orc (D:3)
  5 endoplasms (D:1)
  4 giant cockroaches
  3 goblins
  3 hobgoblins
  9 jackals
  4 quokkas
  7 ball pythons
  4 bats
  6 frilled lizards
  5 kobolds
  2 rats
60 creatures vanquished.

Vanquished Creatures (others)
  3 fungi (D:3)
  A plant (D:3)
4 creatures vanquished.

Grand Total: 64 creatures vanquished

Notes
Turn   | Place    | Note
-------+----------+-------------------------------------------
     0 | D:1      | Sweetruy1997 the Palentonga Fighter began the quest for the
                  | Orb.
     0 | D:1      | Reached XP level 1. HP: 19/19 MP: 1/1
   101 | D:1      | Reached XP level 2. HP: 19/25 MP: 2/2
   594 | D:1      | Reached XP level 3. HP: 31/31 MP: 3/3
   946 | D:2      | Found a glowing silver altar of Zin.
  1418 | D:3      | Found a runed translucent gate.
  1419 | D:3      | Found a runed translucent gate.
  1420 | D:3      | Found a runed translucent gate.
  1420 | D:3      | Noticed oc3rt's ghost (amateur KoHu)
  1425 | D:3      | Noticed a kobold brigand
  1589 | D:3      | Found a shadowy altar of Dithmenos.
  1591 | D:3      | Found a stormy altar of Qazlal.
  1607 | D:3      | Found a broken altar of Ashenzari.
  1614 | D:3      | Became a worshipper of Qazlal Stormbringer
  1735 | D:3      | Reached XP level 4. HP: 37/37 MP: 4/4
  1786 | D:3      | Found a glowing silver altar of Zin.
  1936 | D:3      | Found a faded altar of an unknown god.
  1974 | D:3      | Found a bloodstained altar of Trog.
  2285 | D:3      | Found Zecs's General Store.
  2290 | D:3      | Bought a +0 pair of gloves for 49 gold pieces
  2290 | D:3      | Bought a scroll of identify for 22 gold pieces
  2290 | D:3      | Bought a scroll of identify for 22 gold pieces
  2557 | D:3      | Reached skill level 1 in Dodging
  2665 | D:2      | Slain by oc3rt's ghost

Illustrated notes

Levels and vault maps discovered:
D:1:      dpeg_arrival_houses_and_road, layout_loops_ring,
          grunt_decor_mini_mirrors
D:2:      layout_rooms, basic_altar, chequers_arboretum
D:3:      minmay_wonky_spiral, layout_loops_ring, lemuel_crystal_altar,
          lemuel_round_altar, minitemple, serial_shops, shop,
          hellmonk_ecumenical_altar_run_dry, gammafunk_ghost_nasty_kobolds

Skill      XL: |  1  2  3  4 |
---------------+-------------+-----
Axes           | 3 |  3.1
Armour         | 3 |  3.0
Dodging        | 1 |  1.0
Fighting       | |  3.2
Throwing       | |  0.1
Stealth        | |  0.1
Shields        | |  2.7

Action                   |  1- 3 |  4- 6 || total
-------------------------+-------+-------++-------
Melee: War axe           |   136 |    32 ||   168
       Tailslap          |     8 |     4 ||    12
Throw: Dart              |    13 |    22 ||    35
 Abil: Rolling Charge    |     4 |       ||     4
  Use: Scroll            |       |     2 ||     2
       Potion            |       |     1 ||     1
Armor: Scale mail        |    90 |    12 ||   102
Dodge: Dodged            |    43 |     5 ||    48
Block: Kite shield       |    78 |    15 ||    93

Table legend: (Time is in decaauts)
 A = Elapsed time spent in this place.
 B = Non-inter-level travel time spent in this place.
 C = Inter-level travel time spent in this place.
 D = Time resting spent in this place.
 E = Time spent auto-exploring this place.
 F = Levels seen in this place.
 G = Mean time per level.
                   A        B        C        D        E       F      G
               +--------+--------+--------+--------+--------+-----+--------+
         Total |   2770 |   2722 |     48 |     25 |   2120 |   3 |  923.3 |
       Dungeon |   2770 |   2722 |     48 |     25 |   2120 |   3 |  923.3 |
               +--------+--------+--------+--------+--------+-----+--------+

Top non-repeatable levels by time:
     D:3: 1320 daAuts
     D:1: 999 daAuts
     D:2: 450 daAuts
